 Dungeon Crawl Stone Soup version 0.15.1-3-g1b33baa (webtiles) character file.

149 CrazyArbalest the Covered (level 5, -2/36 HPs)
             Began as a Halfling Fighter on Oct 7, 2014.
             Killed by nerve-wracking pain
             ... invoked by Grinder
              (6 damage)
             ... on Level 4 of the Dungeon.
             The game lasted 00:07:30 (3502 turns).

CrazyArbalest the Covered (Halfling Fighter)        Turns: 3502, Time: 00:07:30

HP  -2/36        AC  6     Str 16      XL: 5   Next: 56%
MP   5/5         EV 11     Int  7      God:
Gold 138         SH  6     Dex 15      Spells:  0 memorised,  4 levels left

rFire  . . .     SeeInvis .     b - +0 hunting sling
rCold  . . .     Clarity  .     x - +0 ring mail (curse)
rNeg   . . .     rCorr    .     c - +0 buckler
rPois  .         rRot     .     (no helmet)
rElec  .         Spirit   .     (no cloak)
SustAb .         Warding  .     (no gloves)
rMut   .         Stasis   .     (no boots)
Gourm  .                        (no amulet)
MR     .....                    (no ring)
                                (no ring)

@: not resistant to hostile enchantments, very unstealthy
A: mutation resistance 1
a: no special abilities


You were on level 4 of the Dungeon.
You were not hungry.

You visited 1 branch of the dungeon, and saw 4 of its levels.

You collected 138 gold pieces.

Inventory:

Hand weapons
 a - a +0 cutlass
 b - a +0 hunting sling (weapon)
 h - a +4 dagger
 A - a +0 short sword of speed
Missiles
 g - 80 stones
 u - a sling bullet (quivered)
Armour
 c - a +0 buckler (worn)
 x - a cursed +0 ring mail (worn)
 y - a +0 scale mail
Comestibles
 d - 3 bread rations
 l - a meat ration
 q - a fruit
Scrolls
 f - a scroll of remove curse {unknown}
 i - 6 scrolls of identify {unknown}
 j - 5 scrolls of immolation {unknown}
 n - a scroll of fear {unknown}
 r - a scroll of amnesia {unknown}
 t - 2 scrolls of fog {unknown}
 v - a scroll of enchant weapon {unknown}
 B - a scroll of noise {unknown}
Jewellery
 m - an uncursed ring of sustain abilities {unknown}
 o - an uncursed amulet of the gourmand {unknown}
 p - an uncursed ring of protection from cold {unknown}
Potions
 e - a potion of might
 k - a potion of flight {unknown}
 s - 2 potions of degeneration {unknown}
 w - a potion of poison {unknown}
 z - a potion of invisibility {unknown}
 D - a potion of berserk rage {unknown}
 E - a potion of curing {unknown}


   Skills:
 + Level 3.0 Fighting
 + Level 3.6 Short Blades
 + Level 4.4 Armour
 + Level 1.9 Dodging
 + Level 0.2 Stealth
 + Level 4.2 Shields


You had 4 spell levels left.
You didn't know any spells.

Dungeon Overview and Level Annotations

Branches:
Dungeon (4/15)
 Temple: D:4-7

Altars:
Ashenzari
Kikubaaqudgha
The Shining One

Annotations:
D:4 Grinder


Innate Abilities, Weirdness & Mutations

You are small and have problems with some larger weapons.
You are somewhat resistant to further mutation.


Message History

You shoot a sling bullet. The sling bullet hits Grinder.
Grinder is heavily wounded.
Grinder hits you but does no damage. Grinder gestures at you.
You suddenly lose the ability to move!
Grinder hits you.
You writhe in agony.
Grinder gestures at you. Pain shoots through your body!
* * * LOW HITPOINT WARNING * * *
Grinder hits you but does no damage.
You can move again.
Unknown command.
Firing (i - inventory. (,) - cycle):
u - 2 sling bullets (quivered)
Press: ? - help, Shift-Dir - straight line, f/p - Grinder
Aim: Grinder carrying a wand of magic darts {zapped: 5} (heavily wounded, unusually strong)
You shoot a sling bullet. The sling bullet hits Grinder.
Grinder is heavily wounded.
Grinder gestures at you. Pain shoots through your body!
You die...

....... .. ######
####... #......# ####
#......# #... #......#
#... #......# #...
#+###......########...
#>..'@5(..(+......'...
#...#...(..#..#####...
#...#########.# #.##
#...####### #.# #.#
#.........# #.# ###+##
+.........# #.# #.....
#.........# #.# #.....
######'######.###.....
#.......#..##.....


You could see Grinder.

Vanquished Creatures
  A giant frog skeleton (D:4)
  Terence (D:3)
  5 adders
  A giant mite (D:2)
  2 worms (D:2)
  3 giant geckos
  An orc (D:3)
  A ball python (D:1)
  3 giant cockroaches
  5 hobgoblins
  5 kobolds
  3 bats (D:2)
  3 giant newts
  A giant newt skeleton (D:4)
  6 goblins
  4 rats
45 creatures vanquished.

Notes
Turn   | Place    | Note
--------------------------------------------------------------
     0 | D:1      | CrazyArbalest, the Halfling Fighter, began the quest for the Orb.
     0 | D:1      | Reached XP level 1. HP: 15/15 MP: 1/1
   195 | D:1      | Found a shattered altar of Ashenzari.
   208 | D:1      | Reached XP level 2. HP: 20/20 MP: 2/2
   743 | D:2      | Found a glowing golden altar of the Shining One.
   745 | D:2      | Found a shattered altar of Ashenzari.
   746 | D:2      | Found an ancient bone altar of Kikubaaqudgha.
   760 | D:2      | Reached skill level 4 in Shields
   760 | D:2      | Reached XP level 3. HP: 8/25 MP: 3/3
  1531 | D:2      | Reached XP level 4. HP: 20/30 MP: 4/4
  1686 | D:2      | Reached skill level 1 in Dodging
  2600 | D:3      | Noticed Terence
  2612 | D:3      | Killed Terence
  2612 | D:3      | Reached XP level 5. HP: 25/36 MP: 5/5
  3481 | D:4      | Noticed Grinder
  3498 | D:4      | Paralysed by Grinder for 4 turns
  3502 | D:4      | Killed from afar by Grinder

Action                   |  1- 3 |  4- 6 || total
-------------------------+-------+-------++-------
Melee: Dagger            |    94 |    78 ||   172
       Cutlass           |     5 |       ||     5
 Fire: Hunting sling     |       |    26 ||    26
  Eat: Chunk             |     2 |     6 ||     8
